 Dungeon Crawl Stone Soup version 0.21-a0-401-g0b6bec4 (webtiles) character file.

125 tof the Chopper (level 4, -1/41 HPs)
             Began as a Minotaur Monk on Oct 21, 2017.
             Slain by an ogre
             ... wielding a +0 giant club
              (18 damage)
             ... on level 3 of the Dungeon.
             The game lasted 00:04:12 (2060 turns).

tof the Chopper (Minotaur Monk)                     Turns: 2060, Time: 00:04:13

Health: -1/41      AC: 12    Str: 16    XL:     4   Next: 82%
Magic:  3/3        EV:  6    Int:  7    God:
Gold:   118        SH:  0    Dex: 13    Spells: 3/3 levels left

rFire    . . .     SeeInvis .   a - +0 hand axe
rCold    . . .     Gourm    .   (no shield)
rNeg     . . .     Faith    .   q - +0 plate armour
rPois    .         Spirit   .   (helmet restricted)
rElec    .         Reflect  .   (no cloak)
rCorr    .         Harm     .   (no gloves)
MR       .....                  b - +0 pair of boots
Stlth    ..........             (no amulet)
HPRegen  0.13/turn              (no ring)
MPRegen  0.08/turn              (no ring)

@: no status effects
A: retaliatory headbutt, horns 2
a: no special abilities


You were on level 3 of the Dungeon.
You were hungry.

You visited 1 branch of the dungeon, and saw 3 of its levels.

You collected 118 gold pieces.

Inventory:

Hand Weapons
 a - a +0 hand axe (weapon)
Missiles
 g - 17 poisoned needles
 l - 6 tomahawks (quivered)
Armour
 b - a +0 pair of boots (worn)
 q - a +0 plate armour (worn)
Scrolls
 d - a scroll of magic mapping {unknown}
 e - 4 scrolls of fear {unknown}
 f - a scroll of remove curse {unknown}
 h - 2 scrolls of identify {unknown}
 r - a scroll of blinking {unknown}
Potions
 i - 2 potions of might {unknown}
 j - 2 potions of cancellation {unknown}
 k - a potion of resistance {unknown}
 o - 2 potions of heal wounds {unknown}
 p - a potion of curing {unknown}
Comestibles
 c - 2 bread rations
 m - 2 meat rations
 n - a royal jelly


   Skills:
 + Level 4.4 Fighting
 * Level 5.0 Axes
 * Level 2.4 Armour
 + Level 4.0 Dodging
 - Level 1.5 Stealth


You had 3 spell levels left.
You didn't know any spells.

Dungeon Overview and Level Annotations

Branches:
Dungeon (3/15)

Altars:
Dithmenos
Fedhas


Innate Abilities, Weirdness & Mutations

You reflexively headbutt those who attack you in melee.
You have a pair of horns on your head.


Message History

You closely miss the goblin. The goblin hits you but does no damage.
You hit the goblin. You headbutt the goblin.
You kill the goblin!
Your Dodging skill increases to level 4!
You see here a pair of boots.
b - a pair of boots Wear which item? (? for menu, Esc to quit)
You start putting on your armour.
You continue putting on your pair of boots. x4
You finish putting on your +0 pair of boots.
c - 2 bread rations (gained 1)
You are feeling hungry.
There is a stone staircase leading down here.
You now have 118 gold pieces (gained 4).
An ogre comes into view. It is wielding a giant club.
The ogre shouts!
The ogre hits you with a giant club!!
Ouch! That really hurt!
You hit the ogre but do no damage. The ogre hits you with a giant club!!
You die...

## #### ..# ..# ... #.#
#.##.#####.####
#.............# #.#
.#####.##.. ##########.#
#.#### #.....O@...#
.#####.####
#.########.##...........
#.#############
#..............
###############


You could see an ogre.

Vanquished Creatures
  An orc priest (D:3)
  3 adders
  2 worms (D:2)
  A dart slug (D:1)
  2 leopard geckos
  4 orcs
  A ball python (D:2)
  6 bats
  A giant cockroach (D:3)
  6 goblins
  7 hobgoblins
  3 jackals (D:1)
  A quokka (D:2)
  6 frilled lizards
  4 kobolds
  8 rats
56 creatures vanquished.

Notes
Turn   | Place    | Note
-------+----------+-------------------------------------------
     0 | D:1      | tof the Minotaur Monk began the quest for the Orb.
     0 | D:1      | Reached XP level 1. HP: 19/19 MP: 0/0
    48 | D:1      | Reached XP level 2. HP: 22/27 MP: 1/1
    55 | D:1      | Reached skill level 4 in Axes
   407 | D:1      | Reached skill level 1 in Armour
   657 | D:1      | Reached XP level 3. HP: 14/33 MP: 2/2
  1082 | D:2      | You fall through a shaft!
  1454 | D:2      | Reached XP level 4. HP: 38/40 MP: 3/3
  1576 | D:2      | Found a blossoming altar of Fedhas.
  1629 | D:3      | Found a shadowy altar of Dithmenos.
  1692 | D:3      | Reached skill level 5 in Axes
  2056 | D:3      | Noticed an ogre
  2060 | D:3      | Slain by an ogre

Vault maps used:
D:1:      lightli_arrival_chessboard, minmay_vboxes
D:2:      lemuel_round_altar
D:3:      wad_crossroads, okawaru_ov_weapons_minmay,
          nicolae_overflow_crystal_walls, first_bread

Skill      XL: |  1  2  3  4 |
---------------+-------------+-----
Axes           | 4 5 |  5.0
Armour         | 1 2 |  2.4
Fighting       | 4 |  4.4
Dodging        | 4 |  4.0
Stealth        | |  1.5

Action                   |  1- 3 |  4- 6 || total
-------------------------+-------+-------++-------
Melee: Hand axe          |    94 |    33 ||   127
       Headbutt          |    17 |     5 ||    22
 Stab: Sleeping          |     1 |       ||     1
  Eat: Chunk             |     2 |     1 ||     3
Armor: Robe              |     9 |       ||     9
       Ring mail         |    13 |     2 ||    15
       Plate armour      |       |    14 ||    14
Dodge: Dodged            |    91 |     7 ||    98

Table legend:
 A = Spawn XP
 B = Non-spawn XP
 C = Spawn XP percentage of total XP
 D = Spawn monster count
 E = Non-spawn monster count
 F = Spawn count percentage of total count
 G = Total turns spent on level
                    A         B        C        D         E        F      G
               +---------+---------+-------+---------+---------+-------+---------
         Total |       0 |     179 |   0.0 |       0 |      56 |   0.0 |  2060
               +---------+---------+-------+---------+---------+-------+---------
           D:1 |       0 |      42 |   0.0 |       0 |      25 |   0.0 |  1005
           D:2 |       0 |      60 |   0.0 |       0 |      18 |   0.0 |   594
           D:3 |       0 |      77 |   0.0 |       0 |      13 |   0.0 |   461
               +---------+---------+-------+---------+---------+-------+---------
